 Dungeon Crawl Stone Soup version 0.31-a0-182-gc5ef74bbde (webtiles) character file.

Game seed: 15029604995186215412

12875 qw the Cleaver (level 12, -1/76 HPs)
             Began as a Gargoyle Fighter on June 20, 2023.
             Was an Elder of Okawaru.
             Killed from afar by an oklob plant (16 damage)
             ... with a splash of acid
             ... on level 1 of the Lair of Beasts.
             The game lasted 00:06:22 (9020 turns).

qw the Cleaver (Gargoyle Fighter)                   Turns: 9020, Time: 00:06:22

Health: -1/76      AC: 19    Str: 25    XL:     12   Next: 0%
Magic:  14/16      EV: 19    Int:  9    God:    Okawaru [****..]
Gold:   656        SH: 11    Dex:  9    Spells: 11/11 levels left

rFire   . . .        Y - +3 broad axe (venom)
rCold   . . .        c - +0 buckler
rNeg    + . .        q - +0 plate armour
rPois   inf          (helmet restricted)
rElec   +            (no cloak)
rCorr   .            e - +0 pair of gloves
SInv    +            k - +0 pair of boots
Will    .....        p - amulet of reflection Stlth
                     j - ring of the Hare {EV+10}
HPRegen 0.32/turn    s - ring of see invisible
MPRegen 0.15/turn

%: reflection
@: about to teleport, heroic, corroded
A: sickness immunity, AC +8, negative energy resistance 1, electricity
resistance, torment resistance 1, petrification resistance, horns 1, iridescent
scales 1, shaggy fur 1
a: Renounce Religion, Heroism, Finesse


You were on level 1 of the Lair of Beasts.
You worshipped Okawaru.
Okawaru was greatly pleased with you.
You visited 3 branches of the dungeon, and saw 12 of its levels.

You collected 656 gold pieces.


Innate Abilities, Weirdness & Mutations

You are immune to sickness and miasma.
Your stone body is resilient. (AC +8)
You are immune to poison.
You resist negative energy. (rN+)
You are resistant to electric shocks. (rElec)
You are resistant to unholy torment.
You are immune to petrification.
You have a pair of small horns on your head.
You are partially covered in iridescent scales. (AC +2)
You are covered in fur. (AC +1)


   Skills:
 - Level 9.1(14.1) Fighting
 - Level 12.0(17.0) Axes
 - Level 4.4(9.4) Throwing
 + Level 8.4(13.4) Armour
 - Level 2.0(7.0) Dodging
 - Level 6.0(11.0) Shields
 + Level 5.7 Invocations


You had 11 spell levels left.
You didn't know any spells.
Your spell library was empty.

Inventory:

Hand Weapons
 v - a +4 morningstar
 Y - a +3 broad axe of venom (weapon)
Missiles
 r - 8 boomerangs (quivered)
Armour
 c - a +0 buckler (worn)
 e - a +0 pair of gloves (worn)
 k - a +0 pair of boots (worn)
 q - a +0 plate armour (worn)
Jewellery
 a - a +6 ring of dexterity
 g - a ring of protection from fire
 j - the ring of the Hare (left hand) {EV+10}
   (You found it on level 2 of the Dungeon)

   [ring of evasion]

   EV:        It affects your evasion (+10).
 o - a ring of protection from cold
 p - an amulet of reflection (around neck)
 s - a ring of see invisible (right hand)
Scrolls
 b - 3 scrolls of identify
Potions
 d - a potion of might
 f - 3 potions of enlightenment
 h - a potion of magic
 i - a potion of mutation
 l - 3 potions of curing
 m - a potion of lignification
 n - 2 potions of attraction
 x - a potion of heal wounds

Dungeon Overview and Level Annotations

Branches:
Dungeon (10/15)            Temple (1/1) D:5            Lair (1/5) D:10
    Orc: D:9-12

Altars:
Ashenzari
Cheibriados
Dithmenos
Elyvilon
Fedhas
Gozag
Hepliaklqana
Kikubaaqudgha
Makhleb
Nemelex Xobeh
Okawaru
Qazlal
Ru
Sif Muna
Trog
Uskayaw
Vehumet
Wu Jian
Xom
Yredelemnul
Zin
The Shining One

Annotations:
D:5 1 runed translucent door, exclusion: orc, qw's ghost, novice GrFi
D:8 2 transporters


Message History

The oklob plant spits acid at you.
The splash of acid hits you but does no damage.
You slice the plant!!
The plant is moderately damaged.
You slash the bush!
The bush is poisoned.
You slash the plant!
The plant is moderately damaged.
You hit the bush but do no damage. You slash the plant! You headbutt the plant.
The plant is heavily damaged.
You hit the bush but do no damage.
A nearby plant withers and dies.
The floating eye pulsates ominously.
The floating eye's stare focuses on you.
The oklob plant spits acid at you. The splash of acid misses you.
You slice the floating eye!!
You kill the floating eye!
Okawaru accepts your kill.
You hit the bush.
The bush looks as sick as possible!
The oklob plant spits acid at you.
The splash of acid hits you but does no damage.
You have reached level 12!
You feel clever.
You slash the bush!
The bush is moderately damaged.
The oklob plant spits acid at you. The splash of acid hits you.
The acid corrodes you!
You hit the bush but do no damage.
The bush is moderately damaged.
You slice the bush!!
You headbutt the bush, but do no damage.
The bush is heavily damaged.
The oklob plant spits acid at you. The splash of acid hits you!!
The acid corrodes you!
9020 ||| READING scroll of teleportation.
As you read the scroll of teleportation, it crumbles to dust.
You feel strangely unstable. The oklob plant spits acid at you.
The splash of acid hits you!
You die...

.......................
.....(........#P.......#
............. ........##
....P.......# ####P...#
...PPPP.....# ##...##
..PP>.P.....### ##.....
.PP$.)P.....#.####......
.P..P$P...............##
PPP.P.@......####.#..#
..PPPP......P.P##.....##
...PPP......#.####.#....
..............# #.#...#
..............# #.#..##
..........##### #.#..#
........### #># #
######P.#


You could see 2 oklob plants.

Vanquished Creatures
  Fannar (Lair:1)
  Harold (D:9)
  A two-headed ogre (D:9)
  Pikel (D:5)
  An oklob plant (Lair:1)
  Joseph (D:8)
  An ice statue (D:9)
  A black mamba (Lair:1)
  2 rime drakes (Lair:1)
  2 hornets
  5 blink frogs (Lair:1)
  Sigmund (D:3)
  11 yaks
  A wyvern (D:9)
  A steam dragon (D:9)
  7 vampire mosquitoes
  2 wargs (D:10)
  An acid dragon (D:10)
  3 water moccasins
  A floating eye (Lair:1)
  6 orc warriors
  3 ogres
  A centaur (D:9)
  4 lemures (D:5)
  Blork the orc (D:5)
  A kobold brigand (D:6)
  A bullfrog (D:7)
  A scorpion (D:3)
  12 wights
  3 killer bees (D:9)
  5 howler monkeys
  11 hounds
  A gnoll bouda (D:9)
  A jelly (D:5)
  8 orc priests
  Jessica (D:2)
  4 iguanas
  Terence (D:1)
  16 orc wizards
  6 adders
  26 gnolls
  A shadow imp (D:7)
  A dart slug (D:1)
  67 orcs
  9 endoplasms
  3 giant cockroaches
  3 goblins (D:2)
  9 hobgoblins
  10 jackals (D:5)
  13 kobolds
  2 quokkas
  15 ball pythons
  8 bats
  5 frilled lizards (D:1)
  5 rats
309 creatures vanquished.

Vanquished Creatures (others)
  An orc (D:5)
1 creature vanquished.

Grand Total: 310 creatures vanquished

Notes
Turn   | Place    | Note
-------+----------+-------------------------------------------
     0 | D:1      | qw the Gargoyle Fighter began the quest for the Orb.
     0 | D:1      | Reached XP level 1. HP: 14/14 MP: 1/1
     0 | D:1      | 0 ||| qw: Version: 0.3-a-9-g12657ce
     0 | D:1      | 0 ||| qw: Game counter: 1315
     0 | D:1      | 0 ||| qw: Always use a shield: true
     0 | D:1      | 0 ||| qw: God list: Okawaru
     0 | D:1      | 0 ||| qw: Allow faded altars: false
     0 | D:1      | 0 ||| qw: Do Orc after D:15 true
     0 | D:1      | 0 ||| qw: Do second Lair branch before Depths: true
     0 | D:1      | 0 ||| qw: Lair rune preference: random
     0 | D:1      | 0 ||| qw: Plans: Normal, Zot:1-4, Slime:5, God:TSO, Crypt,
                  | Tomb, Abyss, Pan, Hells, Win
     0 | D:1      | 0 ||| PLANNING D:1-11
     4 | D:1      | 4 ||| Stepping ~*~*~tactically~*~*~ (stealth).
     5 | D:1      | 5 ||| Stepping ~*~*~tactically~*~*~ (stealth).
    41 | D:1      | Reached skill level 2 in Axes
   166 | D:1      | 166 ||| Stepping ~*~*~tactically~*~*~ (stealth).
   171 | D:1      | Reached XP level 2. HP: 19/19 MP: 2/2
   698 | D:1      | Reached skill level 3 in Axes
   858 | D:1      | Reached XP level 3. HP: 23/23 MP: 3/3
   950 | D:1      | 950 ||| UPGRADING to +0 pair of gloves.
   955 | D:1      | 955 ||| READING scroll labelled DAHANI KOEH.
   956 | D:1      | 956 ||| READING scroll labelled VYQ IPRYKHA.
   957 | D:1      | 957 ||| READING scroll labelled GIKOWO KEOVIAV.
   958 | D:1      | 958 ||| READING scroll labelled FUUTHU PAOREWA.
   959 | D:1      | 959 ||| DRINKING 2 glowing brown potions.
   959 | D:1      | Gained mutation: You are covered in fur. (AC +1) [potion of
                  | mutation]
   959 | D:1      | Gained mutation: You are partially covered in iridescent
                  | scales. (AC +2) [potion of mutation]
   959 | D:1      | Gained mutation: You have a pair of small horns on your
                  | head. [potion of mutation]
   971 | D:2      | Noticed Terence
   981 | D:2      | 981 ||| STAIRDANCE
   986 | D:1      | Killed Terence
   987 | D:1      | Reached XP level 4. HP: 27/28 MP: 4/4
   992 | D:1      | 992 ||| UPGRADING to +0 chain mail.
  1002 | D:1      | 1002 ||| DROPPING +0 scale mail.
  1047 | D:2      | 1047 ||| Stepping ~*~*~tactically~*~*~ (stealth).
  1180 | D:2      | Reached skill level 4 in Axes
  1249 | D:2      | Noticed Jessica
  1264 | D:2      | HP: 7/28 [Jessica/+0 dagger (2)]
  1265 | D:2      | 1265 ||| DRINKING potion of heal wounds.
  1274 | D:2      | Killed Jessica
  1374 | D:2      | Found the ring of the Hare {EV+10}
  1443 | D:2      | Reached XP level 5. HP: 32/32 MP: 5/5
  1735 | D:2      | 1735 ||| UPGRADING to +0 pair of boots.
  1740 | D:2      | 1740 ||| UPGRADING to ring of the Hare {EV+10}.
  1741 | D:2      | 1741 ||| UPGRADING to ring of protection from cold.
  1742 | D:2      | 1742 ||| READING scroll labelled VIVASOQEGI.
  1808 | D:3      | Reached skill level 5 in Axes
  1974 | D:3      | Reached XP level 6. HP: 38/38 MP: 6/6
  2006 | D:3      | Noticed Sigmund
  2007 | D:3      | 2007 ||| Stepping ~*~*~tactically~*~*~ (hiding).
  2058 | D:3      | Killed Sigmund
  2059 | D:3      | Reached skill level 6 in Axes
  2071 | D:3      | 2071 ||| FLEEEEING.
  2226 | D:3      | Identified the +1 falchion of Exquisite Death {freeze, rF++
                  | Will+ rCorr Int-2}
  2334 | D:3      | Found a faded altar of an unknown god.
  2543 | D:3      | Reached skill level 1 in Dodging
  2543 | D:3      | Reached XP level 7. HP: 43/43 MP: 7/7
  2675 | D:3      | 2675 ||| DRINKING 2 black potions.
  2676 | D:3      | 2676 ||| DRINKING 2 smoky dark potions.
  2677 | D:3      | 2677 ||| READING 2 scrolls of identify.
  2677 | D:3      | 2677 ||| IDENTIFYING red potion
  2678 | D:3      | 2678 ||| DROPPING potion of degeneration.
  2731 | D:4      | 2731 ||| Stepping ~*~*~tactically~*~*~ (hiding).
  2877 | D:4      | 2877 ||| Stepping ~*~*~tactically~*~*~ (stealth).
  2925 | D:4      | 2925 ||| Stepping ~*~*~tactically~*~*~ (stealth).
  2933 | D:4      | Reached skill level 7 in Axes
  2938 | D:4      | 2938 ||| DROPPING +0 whip.
  2948 | D:4      | 2948 ||| Stepping ~*~*~tactically~*~*~ (stealth).
  2949 | D:4      | 2949 ||| Stepping ~*~*~tactically~*~*~ (stealth).
  3152 | D:4      | 3152 ||| Stepping ~*~*~tactically~*~*~ (stealth).
  3390 | D:4      | 3390 ||| Stepping ~*~*~tactically~*~*~ (hiding).
  3391 | D:4      | 3391 ||| Stepping ~*~*~tactically~*~*~ (hiding).
  3571 | D:4      | 3571 ||| DROPPING ring of flight.
  3595 | D:5      | Entered Level 5 of the Dungeon
  3637 | D:5      | Noticed Blork the orc
  3650 | D:5      | Killed Blork the orc
  3734 | D:5      | Noticed Pikel
  3750 | D:5      | HP: 4/44 [Pikel/+2 whip of flaming (11)]
  3750 | D:5      | HP: 1/44 [Pikel/+2 whip of flaming (3)]
  3751 | D:5      | 3751 ||| DRINKING potion of heal wounds.
  3758 | D:5      | Killed Pikel
  3759 | D:5      | Reached XP level 8. HP: 25/49 MP: 8/8
  3905 | D:5      | Noticed a yak
  3920 | D:5      | Killed a yak
  3921 | D:5      | Reached skill level 8 in Axes
  3964 | D:5      | Found an ornate altar of the Wu Jian Council.
  4079 | D:5      | Reached XP level 9. HP: 54/54 MP: 9/9
  4198 | D:5      | Reached skill level 6 in Fighting
  4208 | D:5      | 4208 ||| UPGRADING to amulet of reflection.
  4218 | D:5      | Found a runed translucent door.
  4219 | D:5      | 4219 ||| Stepping ~*~*~tactically~*~*~ (hiding).
  4219 | D:5      | Noticed qw's ghost (novice GrFi)
  4302 | D:5      | 4302 ||| Stepping ~*~*~tactically~*~*~ (stealth).
  4304 | D:5      | 4304 ||| Stepping ~*~*~tactically~*~*~ (hiding).
  4305 | D:5      | 4305 ||| Stepping ~*~*~tactically~*~*~ (hiding).
  4306 | D:5      | 4306 ||| Stepping ~*~*~tactically~*~*~ (hiding).
  4307 | D:5      | 4307 ||| Stepping ~*~*~tactically~*~*~ (hiding).
  4308 | D:5      | 4308 ||| Stepping ~*~*~tactically~*~*~ (hiding).
  4562 | D:5      | 4562 ||| Stepping ~*~*~tactically~*~*~ (stealth).
  4637 | D:5      | 4637 ||| DRINKING 2 cyan potions.
  4638 | D:5      | 4638 ||| DRINKING 3 murky green potions.
  4730 | D:5      | 4730 ||| Stepping ~*~*~tactically~*~*~ (stealth).
  4733 | D:5      | 4733 ||| Stepping ~*~*~tactically~*~*~ (stealth).
  4793 | D:5      | Found a hazy altar of Hepliaklqana.
  4884 | D:5      | 4884 ||| Stepping ~*~*~tactically~*~*~ (stealth).
  4885 | D:5      | 4885 ||| Stepping ~*~*~tactically~*~*~ (stealth).
  4886 | D:5      | 4886 ||| Stepping ~*~*~tactically~*~*~ (stealth).
  5008 | D:5      | Found a staircase to the Ecumenical Temple.
  5009 | D:5      | 5009 ||| PLANNING TEMPLE
  5009 | D:5      | 5009 ||| UPGRADING to +0 plate armour.
  5019 | D:5      | 5019 ||| DROPPING +0 chain mail.
  5020 | D:5      | 5020 ||| READING 2 scrolls of identify.
  5020 | D:5      | 5020 ||| IDENTIFYING purple potion
  5021 | D:5      | 5021 ||| DROPPING potion of brilliance.
  5030 | Temple   | Entered the Ecumenical Temple
  5036 | Temple   | 5036 ||| PLANNING OKAWARU WORSHIP
  5077 | Temple   | Became a worshipper of Warmaster Okawaru
  5078 | Temple   | 5078 ||| PLANNING D:1-11
  5163 | D:5      | 5163 ||| Stepping ~*~*~tactically~*~*~ (water).
  5178 | D:5      | 5178 ||| Stepping ~*~*~tactically~*~*~ (water).
  5180 | D:5      | 5180 ||| Stepping ~*~*~tactically~*~*~ (water).
  5311 | D:5      | 5311 ||| Stepping ~*~*~tactically~*~*~ (stealth).
  5630 | D:6      | Found a radiant altar of Vehumet.
  5674 | D:6      | Reached skill level 9 in Axes
  5682 | D:6      | 5682 ||| Stepping ~*~*~tactically~*~*~ (hiding).
  6066 | D:6      | Found a blossoming altar of Fedhas.
  6073 | D:6      | Found a basalt altar of Yredelemnul.
  6080 | D:6      | Found a shimmering altar of Xom.
  6088 | D:6      | Found a glowing silver altar of Zin.
  6096 | D:6      | Found a broken altar of Ashenzari.
  6101 | D:6      | Found a bloodstained altar of Trog.
  6115 | D:6      | Found a glowing golden altar of the Shining One.
  6118 | D:6      | 6118 ||| READING scroll labelled LEEGINL BOIG.
  6185 | D:7      | 6185 ||| Stepping ~*~*~tactically~*~*~ (hiding).
  6253 | D:7      | 6253 ||| Stepping ~*~*~tactically~*~*~ (stealth).
  6254 | D:7      | 6254 ||| Stepping ~*~*~tactically~*~*~ (stealth).
  6257 | D:7      | 6257 ||| Stepping ~*~*~tactically~*~*~ (stealth).
  6304 | D:7      | Reached skill level 6 in Armour
  6484 | D:7      | 6484 ||| Stepping ~*~*~tactically~*~*~ (stealth).
  6486 | D:7      | 6486 ||| Stepping ~*~*~tactically~*~*~ (hiding).
  6571 | D:7      | Identified the +1 chain mail "Ricot" {Int+3}
  6777 | D:7      | 6777 ||| DROPPING +1 chain mail "Ricot" {Int+3}.
  6824 | D:8      | 6824 ||| Stepping ~*~*~tactically~*~*~ (stealth).
  6825 | D:8      | 6825 ||| Stepping ~*~*~tactically~*~*~ (stealth).
  6827 | D:8      | 6827 ||| Stepping ~*~*~tactically~*~*~ (stealth).
  6840 | D:8      | 6840 ||| Stepping ~*~*~tactically~*~*~ (hiding).
  6869 | D:8      | Found an opulent altar of Gozag.
  6918 | D:8      | Found a transporter.
  6941 | D:8      | Found a transporter.
  6955 | D:8      | Noticed a hornet
  6964 | D:8      | Killed a hornet
  6964 | D:8      | Reached * piety under Okawaru
  6965 | D:8      | Reached XP level 10. HP: 55/63 MP: 10/10
  7081 | D:8      | Noticed Joseph
  7087 | D:8      | 7087 ||| DRINKING 3 potions of curing.
  7087 | D:8      | 7087 ||| (to cure confusion)
  7092 | D:8      | Reached skill level 1 in Invocations
  7097 | D:8      | Killed Joseph
  7110 | D:8      | 7110 ||| DROPPING +1 flail of protection.
  7137 | D:8      | 7137 ||| INVOKING Heroism.
  7145 | D:8      | Reached skill level 10 in Axes
  7286 | D:8      | 7286 ||| Stepping ~*~*~tactically~*~*~ (stealth).
  7297 | D:8      | Reached ** piety under Okawaru
  7298 | D:8      | Reached skill level 3 in Invocations
  7384 | D:8      | 7384 ||| UPGRADING to ring of see invisible.
  7441 | D:9      | 7441 ||| Stepping ~*~*~tactically~*~*~ (stealth).
  7471 | D:9      | 7471 ||| Stepping ~*~*~tactically~*~*~ (hiding).
  7472 | D:9      | 7472 ||| Stepping ~*~*~tactically~*~*~ (hiding).
  7475 | D:9      | 7475 ||| INVOKING Heroism.
  7518 | D:9      | 7518 ||| Stepping ~*~*~tactically~*~*~ (hiding).
  7544 | D:9      | Noticed a two-headed ogre
  7545 | D:9      | 7545 ||| INVOKING Heroism.
  7552 | D:9      | Killed a two-headed ogre
  7571 | D:9      | 7571 ||| Stepping ~*~*~tactically~*~*~ (stealth).
  7573 | D:9      | 7573 ||| FLEEEEING.
  7582 | D:9      | 7582 ||| Stepping ~*~*~tactically~*~*~ (hiding).
  7584 | D:9      | 7584 ||| INVOKING Heroism.
  7614 | D:9      | Noticed an ice statue
  7615 | D:9      | 7615 ||| INVOKING Heroism.
  7626 | D:9      | Killed an ice statue
  7645 | D:9      | 7645 ||| Stepping ~*~*~tactically~*~*~ (hiding).
  7791 | D:9      | 7791 ||| Stepping ~*~*~tactically~*~*~ (stealth).
  7971 | D:9      | 7971 ||| DROPPING +0 morningstar.
  8007 | D:9      | Noticed Harold
  8008 | D:9      | 8008 ||| INVOKING Heroism.
  8023 | D:9      | Killed Harold
  8024 | D:9      | Reached XP level 11. HP: 69/69 MP: 12/14
  8173 | D:9      | 8173 ||| READING scroll labelled DAPUSM SIERA.
  8173 | D:9      | Identified a scroll of acquirement
  8173 | D:9      | 8173 ||| ACQUIRING +3 broad axe of venom
  8173 | D:9      | Acquired a +3 broad axe of venom
  8175 | D:9      | 8175 ||| SWAPPING to +3 broad axe of venom.
  8176 | D:9      | 8176 ||| DROPPING +0 war axe of protection.
  8177 | D:9      | 8177 ||| READING scroll labelled UNEGYOH KUZEFE.
  8196 | D:10     | Entered Level 10 of the Dungeon
  8198 | D:10     | Reached *** piety under Okawaru
  8208 | D:10     | 8208 ||| STAIRDANCE
  8216 | D:9      | Reached skill level 11 in Axes
  8266 | D:10     | 8266 ||| STAIRDANCE
  8273 | D:9      | Reached skill level 9 in Fighting
  8306 | D:10     | 8306 ||| STAIRDANCE
  8349 | D:10     | 8349 ||| Stepping ~*~*~tactically~*~*~ (hiding).
  8361 | D:10     | 8361 ||| INVOKING Heroism.
  8409 | D:10     | Found a staircase to the Lair.
  8469 | D:10     | Found a shadowy altar of Dithmenos.
  8572 | D:10     | 8572 ||| Stepping ~*~*~tactically~*~*~ (hiding).
  8574 | D:10     | 8574 ||| Stepping ~*~*~tactically~*~*~ (hiding).
  8575 | D:10     | 8575 ||| Stepping ~*~*~tactically~*~*~ (hiding).
  8577 | D:10     | 8577 ||| Stepping ~*~*~tactically~*~*~ (hiding).
  8591 | D:10     | 8591 ||| INVOKING Heroism.
  8612 | D:10     | 8612 ||| INVOKING Heroism.
  8799 | D:10     | 8799 ||| PLANNING LAIR
  8799 | D:10     | 8799 ||| DROPPING orb of energy.
  8800 | D:10     | 8800 ||| READING scroll labelled AXAUKL PITS.
  8801 | D:10     | 8801 ||| READING 3 scrolls of identify.
  8801 | D:10     | 8801 ||| IDENTIFYING fizzy clear potion
  8850 | Lair:1   | Entered Level 1 of the Lair of Beasts
  8850 | Lair:1   | Noticed Fannar
  8851 | Lair:1   | 8851 ||| INVOKING Heroism.
  8866 | Lair:1   | Killed Fannar
  8867 | Lair:1   | Reached skill level 12 in Axes
  8874 | Lair:1   | Reached **** piety under Okawaru
  8958 | Lair:1   | 8958 ||| Stepping ~*~*~tactically~*~*~ (stealth).
  8961 | Lair:1   | 8961 ||| INVOKING Heroism.
  8971 | Lair:1   | Reached skill level 6 in Shields
  8997 | Lair:1   | Noticed an oklob plant
  8998 | Lair:1   | 8998 ||| INVOKING Heroism.
  9000 | Lair:1   | Noticed an oklob plant
  9002 | Lair:1   | Noticed an oklob plant
  9004 | Lair:1   | Noticed an oklob plant
  9008 | Lair:1   | Killed an oklob plant
  9009 | Lair:1   | Paralysed by a floating eye for 2 turns
  9017 | Lair:1   | Reached XP level 12. HP: 41/76 MP: 14/16
  9019 | Lair:1   | HP: 14/76 [oklob plant/splash of acid (25)]
  9020 | Lair:1   | 9020 ||| READING scroll of teleportation.
  9020 | Lair:1   | Killed from afar by an oklob plant

Levels and vault maps discovered:
D:1:      dpeg_arrival_central, layout_loops_ring, kennysheep_another_room,
          wander_ebering_terrifying_dragon_lair
D:2:      cheibrodos_old_hovel, layout_loops_ring, serial_bayou,
          serial_bayou_lake_a, serial_bayou_pond_a, serial_bayou_lagoon_a,
          serial_bayou_pond_d, uniq_jessica, uniq_terence
D:3:      layout_loops_ring, shapermc_ecumenical_altar_ellora,
          patterned_corridor, uniq_sigmund
D:4:      cheibrodos_quashed, layout_loops_ring, nrook_mini_backslash,
          guppyfry_early_orc_mine
D:5:      lemuel_castle_with_subvaults [lemuel_castle_interior_original],
          layout_layer_cave, lemuel_temple_firewalk_b, gammafunk_ghost_grave,
          hangedman_feature_mirror, hangedman_minor_gate_pass,
          uniq_blork_the_orc, uniq_pikel
D:6:      layout_rooms, vehumet_crystals, grunt_temple_overflow_octagram
D:7:      layout_loops_ring
D:8:      gammafunk_steamed_eel, layout_cave_pools, mainiacjoe_overflow_catwalk,
          hangedman_abyss_or_decor_jellyfish_corner, uniq_joseph
D:9:      minmay_separated_statues, layout_basic, uniq_harold
D:10:     layout_basic, grunt_dithmenos_smoke, erik_lair_orcish_takeover,
          grunt_ministairs_1
Temple:   nicolae_temple_ecumenical_triangle
Lair:1:   layout_loops_ring, gammafunk_ghost_grave, disabler_island, uniq_fannar

Skill      XL: |  1  2  3  4  5  6  7  8  9 10 11 |
---------------+----------------------------------+-----
Axes           | 2 3 4 5 6 7 8 9 10 12 | 12.0
Fighting       | 4 5 7 8 9 |  9.1
Dodging        | 1 2 |  2.0
Throwing       | 4 |  4.4
Armour         | 6 7 8 |  8.4
Shields        | 4 5 6 |  6.0
Invocations    | 4 5 |  5.7

Action                     |  1- 3 |  4- 6 |  7- 9 | 10-12 || total
---------------------------+-------+-------+-------+-------++-------
  Melee: War axe           |    72 |   149 |   400 |   144 ||   765
         Headbutt          |     3 |    13 |    63 |    58 ||   137
         Broad axe         |       |       |       |   147 ||   147
  Throw: Boomerang         |       |       |   128 |    31 ||   159
 Invoke: Heroism           |       |       |       |    12 ||    12
    Use: Scroll            |     4 |     1 |     3 |     5 ||    13
         Potion            |     1 |     1 |     5 |     1 ||     8
   Stab: Confused          |       |       |       |     1 ||     1
 Armour: Scale mail        |    36 |       |       |       ||    36
         Chain mail        |       |    89 |    70 |       ||   159
         Plate armour      |       |       |    38 |    91 ||   129
  Dodge: Dodged            |    32 |    74 |   280 |   175 ||   561
  Block: Buckler           |     8 |    24 |   124 |   164 ||   320
         Reflection        |       |       |     1 |     9 ||    10

Table legend:
 A = Non-vault XP
 B = Vault XP
 C = Vault XP percentage of total XP
 D = Non-vault monster count
 E = Vault monster count
 F = Vault count percentage of total count
                 A         B        C        D         E       F
            +---------+---------+-------+---------+---------+-------
      Total |   10085 |    8308 |  45.2 |     205 |     100 |  32.8
            +---------+---------+-------+---------+---------+-------
        D:1 |      47 |      37 |  44.0 |      23 |       2 |   8.0
        D:2 |      52 |      39 |  42.9 |      23 |       2 |   8.0
        D:3 |     232 |     223 |  49.0 |      18 |       1 |   5.3
        D:4 |     126 |     218 |  63.4 |      20 |       7 |  25.9
        D:5 |     328 |    2088 |  86.4 |      11 |      65 |  85.5
        D:6 |     530 |       0 |   0.0 |      13 |       0 |   0.0
        D:7 |     554 |       0 |   0.0 |      19 |       0 |   0.0
        D:8 |    1097 |     486 |  30.7 |      24 |       1 |   4.0
        D:9 |    2168 |    2450 |  53.1 |      25 |       8 |  24.2
       D:10 |    1930 |    1139 |  37.1 |      18 |      11 |  37.9
     Lair:1 |    3021 |    1628 |  35.0 |      11 |       3 |  21.4
            +---------+---------+-------+---------+---------+-------
